Map: 环轨星港

Players

cyan

  • Race: Protoss Protoss
  • League: Master

llllllllllll

  • Race: Protoss Protoss
  • League: Grandmaster

IIIIIIIIIIII

  • Race: Terran Terran

IIIIIIIIIIII

  • Race: Terran Terran
  • League: Master

VOD

Have the link to the VOD?

Description

Time

  • Played on: Jan. 23, 2016, 1:59 a.m.
  • Length: 8:06
Show
View Real Time Build Order
Export as new Build Order

cyan Protoss 

Build Orders: 1 Gate Expand 

Get SALT Encoding   

  12  0:01  Probe (Chrono Boost)  
  13  0:11  Probe (Chrono Boost)  
  14  0:18  Pylon  
  14  0:22  Probe (Chrono Boost)  
  15  0:36  Probe (Chrono Boost)  
  15  0:37  Gateway  
  15  0:42  Assimilator  
  16  0:47  Probe (Chrono Boost)  
  17  0:59  Probe (Chrono Boost)  
  18  1:09  Probe (Chrono Boost)  
  19  1:17  Nexus  
  19  1:20  Probe (Chrono Boost)  
  20  1:30  Cybernetics Core  
  20  1:34  Probe (Chrono Boost)  
  20  1:39  Assimilator  
  21  1:44  Probe (Chrono Boost)  
  22  1:49  Pylon  
  22  1:55  Probe (Chrono Boost)  
  23  2:07  Adept (Chrono Boost)  
  23  2:08  Mothership Core (Chrono Boost)  
  27  2:15  Warp Gate  
  26  2:25  Probe (Chrono Boost)  
  26  2:29  Probe (Chrono Boost)  
  28  2:36  Robotics Facility  
  28  2:37  Probe (Chrono Boost)  
  28  2:40  Probe (Chrono Boost)  
  30  2:44  Adept  
  30  2:48  Probe (Chrono Boost)  
  30  2:51  Probe (Chrono Boost)  
  34  2:58  Probe (Chrono Boost)  
  34  3:01  Probe (Chrono Boost)  
  36  3:09  Probe (Chrono Boost)  
  36  3:11  Adept  
  36  3:12  Probe (Chrono Boost)  
  41  3:20  Pylon, Probe (Chrono Boost)  
  41  3:22  Probe (Chrono Boost)  
  42  3:29  Robotics Bay  
  42  3:30  Probe (Chrono Boost)  
  43  3:34  Warp Prism (Chrono Boost)  
  43  3:35  Probe (Chrono Boost)  
  43  3:41  Probe (Chrono Boost)  
  47  3:44  Pylon  
  47  3:46  Probe (Chrono Boost)  
  48  3:50  Adept  
  48  3:51  Probe (Chrono Boost)  
  48  3:55  Assimilator  
  51  3:56  Probe (Chrono Boost)  
  51  3:58  Assimilator  
  51  4:02  Probe  
  53  4:05  Probe  
  53  4:08  Pylon  
  54  4:11  Disruptor (Chrono Boost)  
  54  4:14  Probe  
  58  4:17  Gravitic Drive (Chrono Boost)  
  58  4:18  Probe  
  58  4:23  Pylon  
  59  4:30  Twilight Council  
  59  4:31  Pylon  
  61  4:38  Gateway  
  61  4:41  Gateway  
  59  4:45  Disruptor  
  59  4:46  Gateway  
  59  4:48  Sentry  
  64  5:02  Gateway  
  64  5:03  Gateway  
  64  5:08  Blink (Chrono Boost)  
  64  5:13  Gateway  
  64  5:16  Gateway  
  63  5:25  Probe  
  63  5:28  Adept  
  63  5:32  Probe  
  64  5:37  Probe  
  64  5:41  Observer  
  65  5:47  Probe  
  67  5:51  Probe  
  68  5:57  Pylon  
  68  5:59  Stalker x3  
  68  6:02  Observer  
  75  6:16  Stalker x2  
  75  6:17  Stalker x2  
  83  6:24  Observer  
  84  6:35  Pylon, Stalker  
  84  6:36  Stalker  
  84  6:37  Pylon  
  84  6:38  Stalker  
  90  6:41  Stalker  
  92  6:54  Stalker x3  
  98  7:07  Observer  
  98  7:16  Stalker x5  
  85  7:40  Stalker x5  
  87  7:44  Probe  
Show
View Real Time Build Order
Export as new Build Order

llllllllllll Protoss 

Build Orders:  

Get SALT Encoding   

  12  0:01  SCV  
  13  0:13  SCV  
  14  0:18  Supply Depot  
  14  0:29  SCV  
  15  0:41  Barracks, SCV  
  16  0:46  Refinery  
  16  0:53  SCV  
  17  1:05  SCV  
  18  1:18  SCV  
  19  1:30  Reaper  
  19  1:31  Orbital Command  
  20  1:42  Command Center  
  20  1:54  Supply Depot  
  20  1:58  SCV  
  21  2:07  Barracks Reactor  
  21  2:10  SCV  
  22  2:22  SCV  
  23  2:25  Factory  
  23  2:34  SCV  
  24  2:44  Refinery  
  24  2:45  Marine, Command Center  
  24  2:46  SCV  
  24  2:47  Marine  
  27  2:56  Orbital Command  
  27  2:58  SCV  
  28  3:07  Marine x2  
  28  3:11  Starport  
  30  3:13  Widow Mine  
  30  3:17  SCV  
  33  3:23  SCV  
  33  3:26  Marine x2  
  36  3:29  SCV  
  36  3:34  Engineering Bay  
  37  3:35  SCV  
  37  3:41  Widow Mine, SCV  
  39  3:45  Marine x2  
  39  3:47  Medivac  
  45  3:50  SCV  
  45  3:53  Supply Depot  
  46  3:56  SCV  
  46  3:59  Orbital Command  
  47  4:06  Missile Turret  
  47  4:13  Factory  
  47  4:14  Marine x2  
  47  4:16  Factory Tech Lab  
  49  4:19  Viking  
  51  4:27  SCV x3  
  51  4:30  Refinery  
  54  4:36  Armory  
  54  4:39  SCV x2  
  54  4:40  Marine x2  
  58  4:46  SCV  
  58  4:49  Viking  
  58  4:50  Refinery  
  58  4:51  SCV x2  
  63  4:58  SCV  
  64  5:03  SCV  
  65  5:08  SCV  
  65  5:10  Siege Tank  
  65  5:13  SCV  
  69  5:15  Supply Depot  
  69  5:23  SCV  
  68  5:31  SCV  
  68  5:34  Widow Mine  
  69  5:36  Widow Mine, Viking, SCV  
  72  5:43  Drilling Claws  
  72  5:45  Barracks Reactor  
  72  5:52  Orbital Command  
  72  5:56  Supply Depot, SCV  
  73  5:57  Supply Depot  
  73  5:58  Widow Mine  
  73  5:59  Factory  
  73  6:02  Widow Mine  
  77  6:12  Widow Mine  
  77  6:18  Medivac, SCV x2  
  81  6:20  Supply Depot  
  81  6:21  Supply Depot  
  81  6:26  SCV  
  81  6:27  Siege Tank  
  81  6:30  SCV x2  
  81  6:32  Hellion  
  89  6:38  SCV  
  90  6:41  Hellion  
  90  6:42  SCV x2  
  90  6:44  Factory Tech Lab  
  92  6:50  SCV  
  92  6:53  Hellion  
  95  6:54  SCV x2  
  97  7:02  SCV  
  97  7:03  Hellion  
  97  7:04  Siege Tank x2  
  97  7:06  SCV  
  97  7:08  SCV  
  99  7:15  Hellion  
  99  7:16  SCV, Viking  
  99  7:22  Supply Depot, Barracks  
  102  7:23  Barracks  
  98  7:35  Hellion  
  98  7:36  Hellion, SCV  
  93  7:41  SCV  
Show
View Real Time Build Order
Export as new Build Order

IIIIIIIIIIII Terran 

Build Orders:  

Get SALT Encoding   

Show
View Real Time Build Order
Export as new Build Order

IIIIIIIIIIII Terran 

Build Orders:  

Get SALT Encoding   

Tags
 
Add a new tag
Caveats
  • Supply blocks, unpowered buildings, or Contaminate may cause inaccurate times.
  • Supply counts are checked every 10 seconds.